 Dungeon Crawl Stone Soup version 0.31-a0-536-ga3e2962e35 (webtiles) character file.

Game seed: 7579323611669539758

1160 Ethylacetat the Sneak (level 8, -1/54 HPs)
             Began as an Octopode Gladiator on Aug 13, 2023.
             Slain by a two-headed ogre
             ... wielding a +0 giant club
              (31 damage)
             ... on level 6 of the Dungeon.
             The game lasted 00:04:00 (4157 turns).

Ethylacetat the Sneak (Octopode Gladiator)          Turns: 4157, Time: 00:04:00

Health: -1/54      AC:  1    Str: 13    XL:     8   Next: 39%
Magic:  8/8        EV: 15    Int: 10    God:
Gold:   272        SH:  0    Dex: 16    Spells: 7/7 levels left

rFire   . . .        u - +2 short sword (venom)
rCold   . . .        (no shield)
rNeg    . . .        b - melded +0 hat
rPois   .            (no amulet)
rElec   .            (no ring)
rCorr   .            (no ring)
SInv    .            (no ring)
Will    .....        (no ring)
Stlth   ++++         (no ring)
HPRegen 0.29/turn    (no ring)
MPRegen 0.11/turn    (no ring)
                     (no ring)

%: no passive effects
@: lethally poisoned (-1 -> -3), beast-form
A: beast (slay +3), almost no armour, amphibious, 8 rings, camouflage 1,
gelatinous body 1, (nimble swimmer 1), tentacles
a: Begin Untransformation


You were on level 6 of the Dungeon.
You were a hulking beast.
You visited 1 branch of the dungeon, and saw 6 of its levels.

You collected 272 gold pieces.

Inventory:

Hand Weapons
 u - a +2 short sword of venom (weapon)
 v - a +2 dagger of flaming
Missiles
 c - 5 throwing nets (quivered)
 d - a javelin
Armour
 b - a +0 hat (melded)
Talismans
 m - a beast talisman (active)
Scrolls
 a - 3 scrolls of enchant weapon {unknown}
 g - 11 scrolls of identify {unknown}
 h - 6 scrolls of teleportation {unknown}
 i - 3 scrolls of vulnerability {unknown}
 j - 2 scrolls of silence {unknown}
 l - a scroll of revelation {unknown}
 n - 3 scrolls of noise {unknown}
 p - a scroll of immolation {unknown}
 q - a scroll of poison {unknown}
 r - a scroll of acquirement {unknown}
 t - a scroll of brand weapon {unknown}
 y - a scroll of enchant armour {unknown}
 B - a scroll of blinking {unknown}
 C - a scroll of amnesia {unknown}
Potions
 e - a potion of might {unknown}
 f - 3 potions of degeneration {unknown}
 k - 2 potions of curing {unknown}
 o - a potion of lignification {unknown}
 s - 2 potions of heal wounds {unknown}
 w - 2 potions of enlightenment {unknown}
 x - a potion of brilliance {unknown}
 z - 2 potions of resistance {unknown}
 A - a potion of magic {unknown}


   Skills:
 + Level 4.7 Fighting
 - Level 3.0 Short Blades
 - Level 2.0 Throwing
 + Level 5.2 Dodging
 + Level 6.0 Stealth
 * Level 4.8 Shapeshifting


You had 7 spell levels left.
You didn't know any spells.
Your spell library contained the following spells:

 Spells                   Type           Power      Damage    Failure   Level
 Magic Dart               Conj           0%         1d3       36%         1
 Call Imp                 Summ           0%         N/A       50%         2
 Ensorcelled Hibernation  Hex/Ice        0%         N/A       50%         2
 Passwall                 Tmut/Erth      0%         N/A       50%         2
 Inner Flame              Hex/Fire       0%         N/A       75%         3
 Mephitic Cloud           Conj/Pois/Air  0%         N/A       75%         3
 Swiftness                Air            0%         N/A       75%         3
 Flame Wave               Conj/Fire      0%         2d4       98%         4
 Sticky Flame             Conj/Fire      0%         2d3       98%         4


Dungeon Overview and Level Annotations

Branches:
Dungeon (6/15)             Temple (0/1) D:6

Altars:
Nemelex Xobeh
Sif Muna
Uskayaw
Vehumet
The Shining One

Shops:
D:4 (


Innate Abilities, Weirdness & Mutations

You are a hulking beast.
Your limbs bulge with bestial killing power. (Slay +3)
You cannot wear most types of armour.
You are amphibious.
You can wear up to eight rings at the same time.
Your skin changes colour to match your surroundings (Stealth+).
Your rubbery body absorbs attacks. (AC +1, EV +1)
((You are camouflaged when in or above water. (Stealth+)))
You have tentacles for arms and can constrict up to eight enemies at once.


Message History

You barely miss the hound.
The hound is almost dead.
You constrict the hound. The hound misses you.
A hound is nearby!
You hit the hound.
You kill the hound!
C - a scroll labelled QAPTIG NUWKESSE No target in view!
An iguana comes into view.
Found a stone staircase leading up.
An iguana is nearby!
An iguana is nearby!
An iguana is nearby!
There is a stone staircase leading up here.
An iguana is nearby!
The helpless iguana fails to defend itself.
You impale the iguana!!
You kill the iguana!
Your Stealth skill increases to level 6!
No target in view!
You see here an iguana corpse.
An adder comes into view.
A two-headed ogre comes into view.
It is wielding a +0 giant club and a +0 giant spiked club.
There are monsters nearby!
An adder is nearby!
The adder hisses angrily.
The adder bites you.
You are poisoned.
The adder poisons you!
You miss the adder. You grab the adder. You constrict the adder.
You feel sick. The adder closely misses you. The adder bites you.
You puncture the adder!
The adder is poisoned.
You squeeze the adder.
You kill the adder!
An iguana comes into view.
You feel sick.
You feel sick.
The two-headed ogre hits you with a +0 giant club!
The two-headed ogre hits you with a +0 giant spiked club!!
Ouch! That really hurt!
You die...

####...######.
##..####### ##.....#
#.....# #.....#
#.....# # #.....#
#####.########
###.###
#.....Oh.....#####.#
#.#l....#....†<....#
.......##..#.#######
#.###......#.# #
.......##.#
###..#####.# #.. #.#
#.. ..# # ###


You could see a two-headed ogre and an iguana (asleep).

Vanquished Creatures
  A water moccasin (D:6)
  An ice beast (D:5)
  A black bear (D:5)
  2 ogres
  A kobold brigand (D:5)
  2 scorpions
  2 hounds (D:6)
  2 jellies (D:4)
  An orc priest (D:5)
  4 iguanas
  2 orc wizards (D:5)
  Robin (D:3)
  5 adders
  2 shadow imps
  An ufetubus (D:5)
  A worm (D:4)
  19 orcs
  8 ball pythons
  5 endoplasms
  8 giant cockroaches
  8 goblins
  14 hobgoblins
  3 jackals (D:3)
  6 quokkas
  8 bats
  5 frilled lizards
  11 kobolds
  8 rats
132 creatures vanquished.

Notes
Turn   | Place    | Note
-------+----------+-------------------------------------------
     0 | D:1      | Ethylacetat the Octopode Gladiator began the quest for the
                  | Orb.
     0 | D:1      | Reached XP level 1. HP: 14/14 MP: 1/1
    85 | D:1      | Reached skill level 1 in Stealth
   117 | D:1      | Found a faded altar of an unknown god.
   224 | D:1      | Reached XP level 2. HP: 19/19 MP: 2/2
   666 | D:1      | Reached XP level 3. HP: 25/25 MP: 3/3
   830 | D:2      | Reached skill level 1 in Shapeshifting
   859 | D:2      | Reached skill level 2 in Stealth
   976 | D:2      | Reached XP level 4. HP: 24/30 MP: 4/4
  1501 | D:3      | Noticed Robin
  1518 | D:3      | Killed Robin
  1527 | D:3      | HP: 1/30 [hobgoblin[Robin] (1)]
  1678 | D:3      | Reached XP level 5. HP: 33/36 MP: 5/5
  2102 | D:4      | Reached skill level 3 in Stealth
  2163 | D:4      | Found a radiant altar of Vehumet.
  2263 | D:4      | Reached XP level 6. HP: 34/42 MP: 6/6
  2339 | D:4      | Found Zoamm's Antique Weapon Emporium.
  2494 | D:4      | Reached skill level 4 in Stealth
  2542 | D:5      | Entered Level 5 of the Dungeon
  2566 | D:5      | Found a hide-covered altar of Uskayaw.
  2567 | D:5      | Found a shimmering blue altar of Sif Muna.
  2571 | D:5      | Found a sparkling altar of Nemelex Xobeh.
  2644 | D:5      | Reached XP level 7. HP: 21/47 MP: 7/7
  3158 | D:5      | Reached skill level 5 in Stealth
  3327 | D:5      | Reached XP level 8. HP: 44/54 MP: 8/8
  3726 | D:6      | Reached skill level 5 in Dodging
  3750 | D:6      | Found a staircase to the Ecumenical Temple.
  3951 | D:6      | Found a glowing golden altar of the Shining One.
  4149 | D:6      | Reached skill level 6 in Stealth
  4150 | D:6      | Noticed a two-headed ogre
  4157 | D:6      | Slain by a two-headed ogre

Illustrated notes

Levels and vault maps discovered:
D:1:      dpeg_arrival_short_road, layout_loops_corners,
          hellmonk_ecumenical_altar_heavens_door, minmay_small_reverse_x
D:2:      layout_basic
D:3:      layout_loops_ring, st_stairs_5, uniq_robin
D:4:      layout_rooms, mainiacjoe_overflow_alcove_4, serial_shops, shop,
          eino_tiny_chamber, chequers_serial_rivers_micro_c,
          minmay_close_crescents
D:5:      layout_basic, grunt_temple_overflow_open, lexackson_kobold_supper
D:6:      layout_loops_corners, tso_altar, minmay_temple_entry_statues_fountains

Skill      XL: |  1  2  3  4  5  6  7  8 |
---------------+-------------------------+-----
Stealth        | 1 2 3 4 5 6 |  6.0
Shapeshifting  | 1 2 3 4 |  4.8
Fighting       | 3 4 |  4.7
Dodging        | 4 5 |  5.2
Short Blades   | |  3.0
Throwing       | |  2.0

Action                     |  1- 3 |  4- 6 |  7- 9 || total
---------------------------+-------+-------+-------++-------
  Melee: Rapier            |    41 |    63 |       ||   104
         Constrict         |    11 |    23 |    21 ||    55
         Tentacles         |     7 |    16 |    16 ||    39
         Short sword       |       |    53 |    78 ||   131
         Punch             |       |     1 |     2 ||     3
   Stab: Sleeping          |    13 |    18 |     4 ||    35
         Distracted        |       |       |     1 ||     1
 Armour: Skin              |     4 |    10 |     2 ||    16
  Dodge: Dodged            |    13 |    49 |    35 ||    97
   Form: Beast             |       |     1 |       ||     1

Table legend: (Time is in decaauts)
 A = Elapsed time spent in this place.
 B = Non-inter-level travel time spent in this place.
 C = Inter-level travel time spent in this place.
 D = Time resting spent in this place.
 E = Time spent auto-exploring this place.
 F = Levels seen in this place.
 G = Mean time per level.
                   A        B        C        D        E       F      G
               +--------+--------+--------+--------+--------+-----+--------+
         Total |   4141 |   4039 |    102 |    151 |   3151 |   6 |  690.2 |
       Dungeon |   4141 |   4039 |    102 |    151 |   3151 |   6 |  690.2 |
               +--------+--------+--------+--------+--------+-----+--------+

Top non-repeatable levels by time:
     D:5: 1125 daAuts
     D:3: 861 daAuts
     D:1: 794 daAuts
     D:6: 476 daAuts
     D:4: 446 daAuts
     D:2: 437 daAuts
